 Dungeon Crawl Stone Soup version 0.23.2-40-g277498a001 (webtiles) character file.

Game seed: 12651347864676503947

112 Martska the Chiller (level 4, 0/29 HPs)
             Began as a Merfolk Ice Elementalist on Sept 29, 2019.
             Slain by a goblin
             ... wielding a +0 dagger
             ... led by Robin
              (2 damage)
             ... on level 3 of the Dungeon on Sept 30, 2019.
             The game lasted 00:18:52 (3318 turns).

Martska the Chiller (Merfolk Ice Elementalist)      Turns: 3318, Time: 00:18:53

Health: 0/29       AC:  7    Str:  7 (8)  XL:     4   Next: 95%
Magic:  4/7        EV: 13    Int: 10 (12) God:
Gold:   83         SH:  0    Dex: 12 (15) Spells: 1/7 levels left

rFire    . . .     SeeInvis .   b - +0 spear
rCold    . . .     Gourm    .   (no shield)
rNeg     . . .     Faith    .   a - +0 robe
rPois    +         Spirit   .   (no helmet)
rElec    .         Reflect  .   (no cloak)
rCorr    .         Harm     .   (no gloves)
MR       .....     Rnd*Tele +   (no boots)
Stlth    ++........             (no amulet)
HPRegen  0.09/turn              (no ring)
MPRegen  0.10/turn              (no ring)

@: icy armour (expiring)
A: change form in water, swift swim, stealthy swim, dopey 1, frail 1, poison
resistance, teleportitis 1
a: no special abilities


You were on level 3 of the Dungeon.
You were near starving.

You visited 1 branch of the dungeon, and saw 3 of its levels.

You collected 83 gold pieces.

Inventory:

Hand Weapons
 b - a +0 spear (weapon)
Armour
 a - a +0 robe (worn)
 d - a +0 ring mail
Scrolls
 e - a scroll of blinking {unknown}
 f - a scroll of teleportation {unknown}
 h - a scroll of immolation {unknown}
 i - 3 scrolls of enchant weapon {unknown}
 k - a scroll of remove curse {unknown}
Potions
 c - a potion of haste {unknown}
 m - 2 potions of flight {unknown}
 o - a potion of lignification {unknown}
Comestibles
 l - 2 rations


   Skills:
 * Level 1.7 Fighting
 * Level 2.5 Polearms
 * Level 3.7 Dodging
 + Level 2.7 Stealth
 + Level 2.3 Spellcasting
 - Level 0.7 Conjurations
 * Level 1.2 Charms
 + Level 3.7 Ice Magic


You had one spell level left.
You knew the following spells:

 Your Spells              Type           Power        Failure   Level  Hunger
a - Freeze                Ice            #...         7%          1    ##.....
b - Throw Frost           Conj/Ice       #.....       19%         2    ###....
c - Ozocubu's Armour      Chrm/Ice       #.......     32%         3    ####...

Your spell library contained the following spells:

 Spells                   Type           Power        Failure   Level  Hunger
 Throw Icicle             Conj/Ice       #.......     77%         4    #####..
 Summon Ice Beast         Ice/Summ       #.......     80%         4    #####..


Dungeon Overview and Level Annotations

Branches:
Dungeon (3/15)

Altars:
Fedhas

Annotations:
D:3 Robin


Innate Abilities, Weirdness & Mutations

You revert to your normal form in water You are very nimble and swift while swimming.
You are very stealthy in the water. (Stealth+)
You are dopey. (Int -2)
You are frail. (-10% HP)
Your system is resistant to poisons. (rPois)
You are occasionally teleported next to monsters.


Message History

Aiming: Freeze (safe; 7% risk of failure)
Press: ? - help, Shift-Dir - straight line, f/p - goblin
Aim: a goblin (severely wounded, unusually strong)
You freeze the goblin.
You kill the goblin!
You feel your strength returning. Robin throws the goblin at you!
The hobgoblin hits you with a +0 club.
* * * LOW HITPOINT WARNING * * *
The goblin hits you with a +0 dagger.
* * * LOW HITPOINT WARNING * * *
Casting: Freeze (safe; 7% risk of failure)
Confirm with . or Enter, or press ? or * to list all spells.
Aiming: Freeze (safe; 7% risk of failure)
Press: ? - help, Shift-Dir - straight line, f - goblin
Aim: a goblin, wielding a +0 dagger (unusually strong)
You freeze the goblin.
The goblin is severely wounded.
Your icy armour starts to melt.
The goblin hits you with a +0 dagger.
You die...

#######
#...<.#
#.###.########
#........#
#.####.#.#
...# #.#.#
##### ##..#
#######..##
#...g@gg##
#..####gg# #
##..# .#.#
..... ......
##.#### .#


You could see Robin, 3 hobgoblins and a goblin.

Vanquished Creatures
  4 adders (D:2)
  2 worms (D:2)
  A leopard gecko (D:1)
  3 giant cockroaches
  16 goblins
  10 hobgoblins
  4 jackals (D:2)
  4 kobolds
  3 quokkas (D:2)
  A ball python (D:2)
  5 bats
  4 frilled lizards
  5 rats
62 creatures vanquished.

Notes
Turn   | Place    | Note
-------+----------+-------------------------------------------
     0 | D:1      | Martska the Merfolk Ice Elementalist began the quest for
                  | the Orb.
     0 | D:1      | Reached XP level 1. HP: 13/13 MP: 3/3
   193 | D:1      | Reached XP level 2. HP: 19/20 MP: 0/5
   194 | D:1      | Reached skill level 1 in Polearms
   654 | D:1      | Reached skill level 1 in Fighting
   654 | D:1      | Reached XP level 3. HP: 22/26 MP: 4/6
  1014 | D:2      | Learned a level 2 spell: Throw Frost
  1018 | D:2      | Learned a level 3 spell: Ozocubu's Armour
  1635 | D:2      | Reached XP level 4. HP: 17/32 MP: 0/7
  2266 | D:2      | Reached skill level 1 in Charms
  2344 | D:2      | Gained mutation: You are dopey. (Int -2) [potion of
                  | mutation]
  2344 | D:2      | Gained mutation: You are occasionally teleported next to
                  | monsters. [potion of mutation]
  2344 | D:2      | Gained mutation: You are frail. (-10% HP) [potion of
                  | mutation]
  2344 | D:2      | Gained mutation: Your system is resistant to poisons.
                  | (rPois) [potion of mutation]
  2344 | D:2      | HP: 1/29 [poisoned by an adder]
  2879 | D:2      | Found a blossoming altar of Fedhas.
  3279 | D:3      | Noticed Robin
  3318 | D:3      | Slain by a goblin

Skill      XL: |  1  2  3  4 |
---------------+-------------+-----
Polearms       | 1 2 |  2.5
Dodging        | 3 |  3.7
Fighting       | 1 |  1.7
Charms         | 1 |  1.2
Stealth        | |  2.7
Spellcasting   | |  2.3
Conjurations   | |  0.7
Ice Magic      | |  3.7

Action                   |  1- 3 |  4- 6 || total
-------------------------+-------+-------++-------
Melee: Spear             |    53 |    89 ||   142
       Unarmed           |     2 |       ||     2
 Cast: Freeze            |    32 |    34 ||    66
       Throw Frost       |     7 |       ||     7
       Ozocubu's Armour  |       |     1 ||     1
  Use: Potion            |       |     3 ||     3
 Stab: Sleeping          |     5 |     1 ||     6
  Eat: Ration            |     1 |     1 ||     2
       Chunk             |       |     1 ||     1
Armor: Robe              |    17 |    29 ||    46
Dodge: Dodged            |    73 |   107 ||   180
